 Dungeon Crawl Stone Soup version 0.30.0-15-g856e2d3f33 (webtiles) character file.

Game seed: 16571623925112779295

245909 McKennaii the Ruinous (level 18, -4/123 (135) HPs)
             Began as a Demigod Conjurer on May 18, 2023.
             Slain by a spectral caustic shrike (13 damage)
             ... in a wizard's laboratory.
             The game lasted 01:27:34 (45115 turns).

McKennaii the Ruinous (Demigod Conjurer)           Turns: 45115, Time: 01:27:34

HP:   -4/123 (135)  AC: 25    Str: 20    XL:     18   Next: 12%
MP:   16/57         EV: 11    Int: 54    God:
Gold: 710           SH:  0    Dex: 19    Spells: 37/56 levels left

rFire   + + .        L - +6 falchion "Xyeta" {drain, rElec rF+ SInv}
rCold   . . .        (no shield)
rNeg    + + .        u - +8 scale mail of Ennui {rC- Int+6}
rPois   +            K - +3 hat of Pondering {ponderous, Will+ MP+10 Int+5}
rElec   +            f - scarf {rC+ rF+}
rCorr   .            V - +1 pair of gloves "Dowanwod" {Rampage Str+2 Slay+2 SInv Stlth+}
SInv    +            v - +2 pair of boots "Huvvie Hile" {Drain Int+3 Dex+4}
Will    +....        M - amulet of magic regeneration
Stlth   ++           D - ring "Idyg" {rPois rN+ Dex+3}
HPRegen 0.40/turn    r - ring of the Invisible Hand {rN+ Str+6 SInv}
MPRegen 0.75/turn

%: random rage (3%), rampage
@: brilliant, weak-willed, flayed, studying Stealth, drained, invisible, slow
A: high MP 1, forlorn, divine attributes, berserk 1
}: 2/15 runes: barnacled, gossamer
a: no special abilities


You were in a wizard's laboratory.
You visited 6 branches of the dungeon, and saw 31 of its levels.
You visited 1 bazaar.
You also visited: Sewer and Wizlab.

You collected 4009 gold pieces.
You spent 3299 gold pieces at shops.

Inventory:

Hand Weapons
 L - the +6 falchion "Xyeta" (weapon) {drain, rElec rF+ SInv}
   (You found it on level 2 of the Orcish Mines)

   rF:        It protects you from fire.
   rElec:     It insulates you from electricity.
   SInv:      It lets you see invisible.
 U - the +7 scimitar of the Wheel {drain, Stlth+}
   (You bought it in a shop in a bazaar)

   Stlth:     It makes you more stealthy.
Armour
 f - a scarf of resistance (worn)
 u - the +8 scale mail of Ennui (worn) {rC- Int+6}
   (You found it on level 4 of the Dungeon)

   Int:       It affects your intelligence (+6).
   rC:        It makes you vulnerable to cold.
 v - the +2 pair of boots "Huvvie Hile" (worn) {Drain Int+3 Dex+4}
   (You bought it in a shop on level 2 of the Orcish Mines)

   Int:       It affects your intelligence (+3).
   Dex:       It affects your dexterity (+4).
   Drain:     It drains your maximum health when unequipped.
 K - the +3 hat of Pondering (worn) {ponderous, Will+ MP+10 Int+5}
   (You took it off Gastronok on level 9 of the Dungeon)

   Int:       It affects your intelligence (+5).
   MP:        It affects your magic capacity (+10).
   Will:      It increases your willpower.
 V - the +1 pair of gloves "Dowanwod" (worn) {Rampage Str+2 Slay+2 SInv Stlth+}
   (You found it on level 15 of the Dungeon)

   Str:       It affects your strength (+2).
   Slay:      It affects your accuracy & damage with ranged weapons and melee
   (+2).
   SInv:      It lets you see invisible.
   Rampage:   It bestows one free step when moving towards enemies.
   Stlth:     It makes you more stealthy.
Magical Staves
 F - a staff of cold
Jewellery
 c - a ring of flight
 g - a ring of protection from fire
 r - the ring of the Invisible Hand (right hand) {rN+ Str+6 SInv}
   (You bought it in a shop in a bazaar)

   [ring of strength]

   Str:       It affects your strength (+6).
   rN:        It protects you from negative energy.
   SInv:      It lets you see invisible.
 D - the ring "Idyg" (left hand) {rPois rN+ Dex+3}
   (You acquired it on level 15 of the Dungeon)

   [ring of poison resistance]

   Dex:       It affects your dexterity (+3).
   rPois:     It protects you from poison.
   rN:        It protects you from negative energy.
 M - an amulet of magic regeneration (around neck)
 Z - a ring of fire
Wands
 j - a wand of digging (14)
 y - a wand of charming (32)
 G - a wand of iceblast (18)
 I - a wand of polymorph (15)
 P - a wand of mindburst (13)
 S - a wand of flame (31)
 T - a wand of acid (5)
Scrolls
 a - 2 scrolls of teleportation
 i - 6 scrolls of enchant armour
 p - 5 scrolls of enchant weapon
 s - 4 scrolls of fog
 x - 6 scrolls of poison
 z - 6 scrolls of amnesia
 A - 3 scrolls of brand weapon
 C - 2 scrolls of butterflies
 E - 7 scrolls of fear
 Q - 4 scrolls of silence
 W - 4 scrolls of magic mapping
 Y - 9 scrolls of identify
Potions
 e - 5 potions of mutation
 h - 4 potions of attraction
 k - a potion of haste
 l - 11 potions of brilliance
 m - 7 potions of flight
 n - 5 potions of berserk rage
 q - 10 potions of curing
 t - 5 potions of might
 B - 4 potions of cancellation
 J - 4 potions of lignification
 N - 6 potions of ambrosia


   Skills:
 - Level 6.0 Fighting
 - Level 10.0 Armour
 - Level 1.7 Dodging
 - Level 1.7 Stealth
 + Level 19.5 Spellcasting
 + Level 22.7 Conjurations


You had 37 spell levels left.
You knew the following spells:

 Your Spells              Type           Power      Damage    Failure   Level
a - Magic Dart            Conj           100%       1d8       0%          1
b - Searing Ray           Conj           100%       2d8       0%          2
c - Iskenderun's Mystic   Conj/Tloc      100%       2d19      1%          4
d - Fireball              Conj/Fire      66%        3d25      1%          5
e - Orb of Destruction    Conj           82%        9d18      1%          7

Your spell library contained the following spells:

 Spells                   Type           Power      Damage    Failure   Level
 Shock                    Conj/Air       100%       1d9       0%          1
 Beastly Appendage        Tmut           100%       N/A       1%          1
 Freeze                   Ice            100%       1d10      1%          1
 Necrotise                Necr           100%       1d9       1%          1
 Slow                     Hex            100%       N/A       1%          1
 Summon Small Mammal      Summ           100%       N/A       1%          1
 Cigotuvi's Dreadful Rot  Necr/Pois/Air  100%       N/A       1%          2
 Ensorcelled Hibernation  Hex/Ice        100%       N/A       1%          2
 Sublimation of Blood     Necr           68%        N/A       1%          2
 Wereblood                Tmut           68%        N/A       1%          2
 Call Canine Familiar     Summ           68%        N/A       1%          3
 Confusing Touch          Hex            68%        N/A       1%          3
 Dazzling Flash           Conj/Hex       100%       N/A       1%          3
 Frozen Ramparts          Ice            100%       1d16      1%          3
 Gell's Gravitas          Tloc           68%        N/A       1%          3
 Hailstorm                Conj/Ice       100%       3d20      1%          3
 Inner Flame              Hex/Fire       68%        N/A       1%          3
 Ozocubu's Armour         Ice            68%        N/A       1%          3
 Portal Projectile        Hex/Tloc       100%       N/A       1%          3
 Spider Form              Tmut/Pois      68%        N/A       1%          3
 Summon Guardian Golem    Hex/Summ       68%        N/A       1%          3
 Swiftness                Air            68%        N/A       1%          3
 Teleport Other           Tloc           68%        N/A       1%          3
 Tukima's Dance           Hex            68%        N/A       1%          3
 Vampiric Draining        Necr           68%        2d10      1%          3
 Vhi's Electric Charge    Tloc/Air       100%       N/A       1%          3
 Volatile Blastmotes      Fire/Tloc      100%       2d18      1%          3
 Flame Wave               Conj/Fire      100%       2d21      1%          4
 Fulminant Prism          Conj/Hex       66%        3d28      1%          4
 Sticky Flame             Conj/Fire      100%       2d11      1%          4
 Arcjolt                  Conj/Air       66%        1d76      1%          5
 Irradiate                Conj/Tmut      66%        3d33      1%          5
 Starburst                Conj/Fire      66%        6d17      1%          6
 Airstrike                Air            34%        2d(5-21)  6%          4
 Anguish                  Hex/Necr       34%        N/A       6%          4
 Animate Dead             Necr           68%        N/A       6%          4
 Cause Fear               Hex            34%        N/A       6%          4
 Dispel Undead            Necr           68%        3d23      6%          4
 Ice Form                 Ice/Tmut       68%        N/A       6%          4
 Leda's Liquefaction      Hex/Erth       34%        N/A       6%          4
 Passage of Golubria      Tloc           68%        N/A       6%          4
 Petrify                  Tmut/Erth      68%        N/A       6%          4
 Summon Ice Beast         Ice/Summ       68%        N/A       6%          4
 Agony                    Necr           68%        N/A       17%         5
 Borgnjor's Vile Clutch   Necr/Erth      34%        N/A       17%         5
 Lee's Rapid Deconstruct  Erth           34%        3d17*     17%         5
 Summon Forest            Summ/Tloc      34%        N/A       17%         5
 Summon Mana Viper        Hex/Summ       68%        N/A       17%         5
 Yara's Violent Unravell  Hex/Tmut       34%        3d14      17%         5
 Lehudib's Crystal Spear  Conj/Erth      66%        10d15     36%         8
 Death Channel            Necr           34%        N/A       67%         6
 Dispersal                Tloc           34%        N/A       67%         6
 Plasma Beam              Fire/Air       34%        2x1d51    67%         6
 Summon Cactus Giant      Summ           34%        N/A       67%         6
 Dragon Form              Tmut           34%        N/A       99%         7
 Ozocubu's Refrigeration  Ice            34%        4d15      99%         7
 Maxwell's Capacitive Co  Air            34%        ∞         100%        8
 Dragon's Call            Summ           34%        N/A       100%        9


Dungeon Overview and Level Annotations

Branches:
Dungeon (15/15)            Temple (0/1) D:4            Lair (5/5) D:11
 Shoals (4/4) Lair:2       Spider (4/4) Lair:2        Slime (0/5) Lair:5
    Orc (2/2) D:10            Elf (1/3) Orc:2        Vaults (0/5) D:14
 Depths (0/4) D:15          Sewer (visited)          WizLab (1/1)

Shops:
D:2 [   D:8 *   D:10 [   D:11 [   D:15 ((   Orc:2 ([([   Elf:1 =   Shoals:1 (
Shoals:2 *   Shoals:3 [

Annotations:
D:3 1 runed translucent door


Innate Abilities, Weirdness & Mutations

You have an increased reservoir of magic. (+10% MP)
You shall have no god before yourself.
Your divine heritage dramatically boosts your attributes as you level up.
You sometimes lose your temper in combat.


Message History

The mystic blast hits the spectral alligator snapping turtle!!
The spectral alligator snapping turtle is moderately damaged.
The spectral alligator snapping turtle is knocked back by the mystic blast.
The mystic blast hits the flying skull!
The flying skull is heavily damaged.
The flying skull is knocked back by the mystic blast.
The flying skull slams into the stone wall!
You destroy the flying skull!
The mystic blast hits the phantasmal warrior!!
You destroy the phantasmal warrior!
The mystic blast hits the spectral demonspawn blood saint!!
The spectral demonspawn blood saint is heavily damaged.
The spectral demonspawn blood saint is knocked back by the mystic blast.
The mystic blast hits the spectral wolf spider!!
You destroy the spectral wolf spider!
A lost soul coalesces out of thin air!
Unknown command.
Casting: Iskenderun's Mystic Blast (safe; 1% risk of failure)
Confirm with . or Enter, or press ? or * to list all spells.
You feel a surge of power!
You erupt in a blast of force!
The mystic blast hits the skeletal warrior!!
The skeletal warrior is heavily damaged.
The skeletal warrior is knocked back by the mystic blast.
The skeletal warrior collides with the spectral alligator snapping turtle!
The spectral alligator snapping turtle is moderately damaged.
The mystic blast hits the spectral demonspawn blood saint!!
The spectral demonspawn blood saint is almost destroyed.
The spectral demonspawn blood saint is knocked back by the mystic blast.
Your surroundings suddenly seem different.
A phantasmal warrior comes into view.
The spectral caustic shrike claws you.
* * * LOW HITPOINT WARNING * * *
You partially resist.
You feel drained.
The spectral caustic shrike closely misses you.
Unknown command.
Unknown command.
You fade into invisibility!
The spectral caustic shrike claws you but does no damage.
The spectral caustic shrike claws you!
You die...

#....
#..Z∩.W.#
#.....# #...
...#⌠.....⌠#
..z..# #..
..###...###
#..## .z
...##.## #W..#
. ...#⌠# #WZ.#
..### #.z.#
...# #..#
#).Z# ...#
#..# #...#
#..# .# #W@#
#..## #*.# .#
#.Z.# #..#
#..#
.##...#...
#..# #..#
..#.. #.W#.
#..# #..# ..##
..###. #..#
#..##Z..##...
.. ...#
#....#...##..#
.# ...#
##.Z.##...##.#
#
##...z......#


You could see 2 phantasmal warriors and a spectral caustic shrike.

Vanquished Creatures
  Nikola (Spider:4)
  Arachne (Spider:2)
  Jorgrun (Shoals:2)
  Asterion (Spider:4)
  A kraken (Shoals:4)
  Polyphemus (Shoals:4)
  An ancient champion (WizLab)
  Gastronok (D:9)
  Agnes (Spider:4)
  2 revenants (WizLab)
  The ghost of OceanMan the Blocker, a journeyman MiFi of Trog (D:13)
  A fire giant (D:12)
  Donald (Orc:2)
  3 emperor scorpions (Spider:4)
  An orc warlord (Orc:2)
  3 ghost moths (Spider:4)
  A broodmother (Spider:1)
  A stone giant (D:15)
  3 spark wasps
  A deep elf demonologist (Elf:1)
  A halazid warlock (WizLab)
  A deep elf death mage (WizLab)
  3 jiangshi (WizLab)
  Snorg (D:13)
  Josephine (Lair:4)
  The ghost of Kiti Anamang the Thaumaturge, a journeyman GnFE of Vehumet (Lair:3)
  7 merfolk impalers
  3 entropy weavers
  A yaktaur captain (D:15)
  3 merfolk javelineers (Shoals:4)
  2 fire dragons
  2 vault guards (D:14)
  The ghost of fedoskokos the Thaumaturge, a journeyman GrEE of Gozag (D:15)
  2 hydras
  An ogre mage (Orc:2)
  Erica (D:8)
  2 alligators (Shoals:4)
  3 catoblepae
  3 alligator snapping turtles (Shoals:4)
  6 boulder beetles
  5 merfolk avatars
  9 centaur warriors
  A death knight (D:12)
  4 merfolk aquamancers
  15 death yaks
  5 two-headed ogres
  6 tengu warriors
  2 deep troll earth magi
  A titan zombie (WizLab)
  A dancing weapon (D:13)
  2 orc high priests (Orc:2)
  Sonja (D:12)
  2 deep elf knights (Elf:1)
  6 skysharks
  A fire crab (Lair:5)
  2 skeletal warriors (WizLab)
  4 pharaoh ants
  13 sea snakes
  A skyshark (shapeshifter) (D:15)
  3 sun moths
  A goliath frog (Shoals:4)
  A flayed ghost (WizLab)
  6 orb spiders
  A kraken simulacrum (Shoals:4)
  2 lindwurms
  A necromancer (Lair:3)
  Pikel (D:7)
  2 phantasmal warriors (WizLab)
  A wizard (D:14)
  3 deep elf archers (Elf:1)
  6 steelbarb worms
  6 orc knights
  A wolf spider zombie (WizLab)
  A spectral wolf spider (WizLab)
  4 deep elf zephyrmancers
  8 deep elf pyromancers
  15 harpies
  A salamander (shapeshifter) (D:15)
  A manticore (shapeshifter) (D:15)
  8 ugly things
  7 orc sorcerers
  13 wolf spiders
  2 cyclopes
  14 elephants
  17 fauns
  19 manticores
  2 moths of wrath (Spider:4)
  12 black mambas
  8 water nymphs
  Maurice (D:12)
  A black mamba (shapeshifter) (D:14)
  9 merfolk sirens
  Joseph (D:8)
  3 molten gargoyles (Lair:5)
  An ice statue (D:9)
  7 demonic crawlers
  3 gargoyles
  4 torpor snails
  3 rime drakes (Lair:3)
  13 cane toads
  An efreet (D:12)
  16 komodo dragons
  A kobold demonologist (D:12)
  3 tengu conjurers
  2 yaktaurs (D:12)
  20 merfolk
  5 trolls
  3 meliai (Spider:2)
  A wind drake (shapeshifter) (Elf:1)
  A polar bear (shapeshifter) (D:15)
  5 polar bears
  Grinder (D:5)
  5 wind drakes
  7 hornets (Spider:4)
  Prince Ribbit (D:6)
  28 tarantellas
  26 blink frogs
  14 snapping turtles
  25 jumping spiders
  7 flying skulls (WizLab)
  6 slime creatures
  17 culicivoras
  A jumping spider (shapeshifter) (D:12)
  4 shadows
  9 water elementals
  45 yaks
  A vampire (D:11)
  7 wyverns
  9 wraiths
  2 humans (D:14)
  3 steam dragons
  A fire elemental (Elf:1)
  9 basilisks
  The ghost of tish the Caller, an amateur BaSu (D:3)
  A death yak simulacrum (Lair:3)
  14 vampire mosquitoes
  34 redbacks
  2 acid dragons
  5 wargs (Orc:2)
  7 water moccasins
  3 hell hounds (Lair:5)
  A sky beast (D:8)
  34 orc warriors
  2 ice beasts
  A boulder beetle simulacrum (Lair:3)
  A black bear (Lair:2)
  9 ogres
  23 wolves
  7 boggarts (D:15)
  13 centaurs
  2 lemures (D:7)
  A phantom (D:5)
  3 kobold brigands
  9 bullfrogs
  3 scorpions
  8 wights
  A blink frog simulacrum (Lair:3)
  10 killer bees
  9 electric eels
  7 howler monkeys
  A rime drake simulacrum (Lair:3)
  2 torpor snail simulacra (Lair:3)
  5 lava snakes (Lair:5)
  10 jellies
  Crazy Yiuf (D:4)
  22 orc priests
  4 hounds
  Terence (D:3)
  2 iguanas
  34 orc wizards
  7 polar bear simulacra (Lair:3)
  A yak simulacrum (Lair:3)
  2 wolf simulacra (Lair:3)
  Robin (D:3)
  9 gnolls
  5 river rats
  12 adders
  2 ufetubi
  5 worms
  4 dart slugs
  89 orcs
  8 endoplasms
  2 giant cockroaches
  19 goblins
  9 hobgoblins
  6 jackals
  24 kobolds
  4 quokkas
  9 ball pythons
  5 bats
  7 frilled lizards
  8 rats
  2 river rat simulacra (Lair:3)
1185 creatures vanquished.

Vanquished Creatures (collateral kills)
  A gnoll bouda (D:7)
  2 kobolds (D:7)
3 creatures vanquished.

Vanquished Creatures (others)
  A tarantella (Spider:4)
  A kobold brigand (D:7)
  An orc wizard (Orc:2)
  8 tentacles (Shoals:4)
11 creatures vanquished.

Grand Total: 1199 creatures vanquished

Notes
Turn   | Place    | Note
-------+----------+-------------------------------------------
     0 | D:1      | McKennaii the Demigod Conjurer began the quest for the Orb.
     0 | D:1      | Reached XP level 1. HP: 14/14 MP: 5/5
   458 | D:1      | Reached XP level 2. HP: 20/20 MP: 4/7
   632 | D:1      | Reached skill level 4 in Conjurations
  1266 | D:2      | Reached XP level 3. HP: 21/26 MP: 0/9
  1465 | D:2      | Learned a level 2 spell: Searing Ray
  2109 | D:2      | Found Gaott's Armour Shoppe.
  2475 | D:3      | Found a runed translucent door.
  2476 | D:3      | Noticed tish's ghost (amateur BaSu)
  2476 | D:3      | Noticed a bullfrog
  2494 | D:3      | Noticed Terence
  2507 | D:3      | Killed Terence
  2508 | D:3      | Reached XP level 4. HP: 8/33 MP: 1/11
  2591 | D:3      | Found a glowing drain.
  2667 | Sewer    | Entered a sewer
  2758 | Sewer    | Noticed a kobold brigand
  2763 | Sewer    | Killed a kobold brigand
  2764 | Sewer    | Reached skill level 5 in Conjurations
  2764 | Sewer    | Reached XP level 5. HP: 38/38 MP: 5/13
  2830 | Sewer    | Learned a level 4 spell: Iskenderun's Mystic Blast
  3789 | D:3      | Noticed Robin
  3860 | D:3      | Killed Robin
  4025 | D:3      | Found a runed translucent door.
  4663 | D:4      | Identified the +8 scale mail of Ennui {rC- Int+6}
  4862 | D:4      | Found a staircase to the Ecumenical Temple.
  4891 | D:4      | Reached XP level 6. HP: 42/42 MP: 11/15
  5143 | D:4      | Identified the +9 dagger "Vieresut" {heavy, Str+2 Dex+3}
  5203 | D:4      | Found Zin's Purification Station.
  5223 | D:4      | Bought a potion of curing for 90 gold pieces
  5338 | D:4      | Found a runed translucent door.
  5339 | D:4      | Noticed Crazy Yiuf
  5365 | D:5      | Entered Level 5 of the Dungeon
  5779 | D:5      | Reached skill level 6 in Conjurations
  5849 | D:5      | Reached XP level 7. HP: 47/50 MP: 6/17
  5892 | D:5      | Reached skill level 5 in Spellcasting
  6277 | D:5      | Noticed Grinder
  6279 | D:5      | Paralysed by Grinder for 2 turns
  6287 | D:5      | Killed Grinder
  6478 | D:5      | Reached skill level 7 in Conjurations
  6879 | D:3      | Killed tish's ghost
  6880 | D:3      | Reached XP level 8. HP: 48/57 MP: 5/20
  7069 | D:4      | Killed Crazy Yiuf
  7291 | D:6      | Noticed Prince Ribbit
  7297 | D:6      | Killed Prince Ribbit
  7401 | D:6      | Reached skill level 8 in Conjurations
  9225 | D:6      | Reached XP level 9. HP: 35/62 MP: 19/24
  9555 | D:6      | Reached skill level 9 in Conjurations
 10738 | D:7      | Noticed Pikel
 10745 | D:7      | Killed Pikel
 10747 | D:7      | Reached skill level 10 in Conjurations
 11657 | D:8      | Noticed Joseph
 12294 | D:8      | Killed Joseph
 12295 | D:8      | Reached skill level 1 in Armour
 12295 | D:8      | Reached XP level 10. HP: 23/69 MP: 11/27
 12658 | D:8      | Noticed Erica
 12751 | D:8      | Killed Erica
 12885 | D:8      | Found Daom's Demolitions Depot.
 13042 | D:9      | Noticed a two-headed ogre
 13048 | D:9      | Killed a two-headed ogre
 13174 | D:9      | Noticed a two-headed ogre
 13182 | D:9      | Killed a two-headed ogre
 13183 | D:9      | Reached skill level 11 in Conjurations
 13240 | D:9      | Noticed Gastronok
 13311 | D:9      | Noticed an ice statue
 13449 | D:9      | Killed Gastronok
 13581 | D:9      | Reached skill level 10 in Spellcasting
 13809 | D:9      | Reached skill level 5 in Armour
 14266 | D:9      | Killed an ice statue
 14267 | D:9      | Reached XP level 11. HP: 71/74 MP: 19/29
 14366 | D:10     | Entered Level 10 of the Dungeon
 14611 | D:10     | Found Peoceh's Armour Shop.
 14615 | D:10     | Found a staircase to the Orcish Mines.
 15678 | D:11     | Reached skill level 12 in Conjurations
 15914 | D:11     | Found Kaosm's Armour Boutique.
 16059 | D:11     | Found a staircase to the Lair.
 16456 | D:12     | Noticed a deep elf pyromancer
 16456 | D:12     | Noticed a deep elf pyromancer
 16461 | D:12     | Killed a deep elf pyromancer
 16653 | D:12     | Killed a deep elf pyromancer
 16711 | D:12     | Noticed Maurice
 16718 | D:12     | Killed Maurice
 16734 | D:12     | Noticed a deep troll earth mage
 16739 | D:12     | Killed a deep troll earth mage
 16740 | D:12     | Reached XP level 12. HP: 51/81 MP: 10/32
 16747 | D:12     | Noticed Sonja
 17103 | D:12     | Killed Sonja
 17539 | D:12     | Noticed a death knight
 17554 | D:12     | Killed a death knight
 17558 | D:12     | Reached skill level 13 in Conjurations
 17774 | D:12     | Noticed a fire giant
 17799 | D:12     | Killed a fire giant
 18217 | D:13     | Found a runed translucent door.
 18218 | D:13     | Noticed OceanMan's ghost (journeyman MiFi)
 18290 | D:13     | Noticed a centaur warrior
 18299 | D:13     | Killed a centaur warrior
 18546 | D:13     | Noticed a centaur warrior
 18556 | D:13     | Killed a centaur warrior
 18798 | D:13     | Noticed Snorg
 18809 | D:13     | Killed Snorg
 18901 | D:13     | Noticed a centaur warrior
 18911 | D:13     | Killed a centaur warrior
 19307 | D:13     | Killed OceanMan's ghost
 19544 | D:14     | Reached XP level 13. HP: 75/86 MP: 34/34
 20316 | D:14     | Reached skill level 14 in Conjurations
 20336 | D:14     | Reached skill level 10 in Armour
 20435 | D:14     | Found a gate to the Vaults.
 20938 | D:15     | Entered Level 15 of the Dungeon
 21105 | D:15     | Identified a scroll of acquirement
 21105 | D:15     | Acquired the ring "Idyg" {rPois rN+ Dex+3}
 21455 | D:15     | Found a runed translucent gate.
 21455 | D:15     | Found a runed translucent gate.
 21455 | D:15     | Found a runed translucent gate.
 21491 | D:15     | Noticed fedoskokos's ghost (journeyman GrEE)
 21528 | D:15     | Found a flickering gateway to a bazaar.
 21541 | Bazaar   | Entered a bazaar
 21541 | Bazaar   | Found Nuxakith's Antique Armour Shoppe.
 21541 | Bazaar   | Found Wyakkie's Antique Weapon Emporium.
 21550 | Bazaar   | Found Quwi's General Store.
 21566 | Bazaar   | Found Jatoavoj's Jewellery Emporium.
 21586 | Bazaar   | Bought the ring of the Invisible Hand {rN+ Str+6 SInv} for
                  | 616 gold pieces
 21602 | Bazaar   | Bought a potion of ambrosia for 72 gold pieces
 21602 | Bazaar   | Bought a scroll of identify for 18 gold pieces
 21613 | Bazaar   | Bought a fine scimitar for 189 gold pieces
 21613 | Bazaar   | Identified the +7 scimitar of the Wheel {drain, Stlth+}
                  | (You bought it in a shop in a bazaar)
 22330 | D:15     | Found a staircase to the Depths.
 22330 | D:15     | Noticed a stone giant
 22360 | D:15     | Found Rerineg's Antique Weapon Emporium.
 22374 | D:15     | Reached skill level 15 in Conjurations
 22664 | D:15     | Found Suqac's Weapon Boutique.
 22812 | D:15     | Killed a stone giant
 23454 | D:15     | Reached XP level 14. HP: 93/93 MP: 34/37
 23652 | D:15     | Killed fedoskokos's ghost
 23854 | D:15     | Gained mutation: You sometimes lose your temper in combat.
                  | [mutagenic glow]
 23908 | D:15     | Identified the +1 pair of gloves "Dowanwod" {Rampage Str+2
                  | Slay+2 SInv Stlth+}
 24021 | Lair:1   | Entered Level 1 of the Lair of Beasts
 24941 | Lair:2   | Found a staircase to the Shoals.
 25112 | Lair:2   | Found a hole to the Spider Nest.
 25118 | Lair:2   | Reached skill level 16 in Conjurations
 26198 | Lair:3   | Found a runed translucent gate.
 26198 | Lair:3   | Found a runed translucent gate.
 26198 | Lair:3   | Found a runed translucent gate.
 26237 | Lair:3   | Reached skill level 1 in Fighting
 26686 | Lair:3   | Reached skill level 15 in Spellcasting
 27314 | Lair:3   | Noticed Kiti Anamang's ghost (journeyman GnFE)
 27670 | Lair:3   | Killed Kiti Anamang's ghost
 28629 | Lair:4   | Noticed Josephine
 28639 | Lair:4   | Killed Josephine
 28664 | Lair:4   | Reached XP level 15. HP: 33/110 MP: 21/39
 29418 | Lair:5   | Entered Level 5 of the Lair of Beasts
 29429 | Lair:5   | Reached skill level 5 in Fighting
 29431 | Lair:5   | Reached skill level 17 in Conjurations
 30079 | Lair:5   | Found a staircase to the Slime Pits.
 30307 | Lair:5   | Found a large runed translucent door.
 30307 | Lair:5   | Found a large runed translucent door.
 31475 | Lair:5   | Acquired 567 gold pieces
 31647 | Orc:1    | Entered Level 1 of the Orcish Mines
 31898 | Orc:2    | Entered Level 2 of the Orcish Mines
 32196 | Orc:2    | Found a staircase to the Elven Halls.
 32797 | Orc:2    | Found Yniboyc's Antique Armour Boutique.
 32833 | Orc:2    | Bought a pair of ancient boots for 190 gold pieces
 32833 | Orc:2    | Identified the +2 pair of boots "Huvvie Hile" {Drain Int+3
                  | Dex+4} (You bought it in a shop on level 2 of the Orcish
                  | Mines)
 32894 | Orc:2    | Found Vymie's Antique Weapon Boutique.
 32954 | Orc:2    | Noticed Donald
 32972 | Orc:2    | Killed Donald
 33059 | Orc:2    | Identified the +6 falchion "Xyeta" {drain, rElec rF+ SInv}
 33351 | Orc:2    | Found Saseyps's Antique Weapon Shop.
 33353 | Orc:2    | Found Amnufem's Antique Armour Boutique.
 33824 | D:8      | Bought a manual of Conjurations for 960 gold pieces
 33824 | D:8      | Bought the Essays on Concussion for 600 gold pieces
 33824 | D:8      | Bought a book of Lightning for 408 gold pieces
 33837 | D:8      | Learned a level 7 spell: Orb of Destruction
 33843 | D:8      | Learned a level 5 spell: Fireball
 34003 | Spider:1 | Entered Level 1 of the Spider Nest
 34015 | Spider:1 | Reached skill level 18 in Conjurations
 34821 | Spider:1 | Reached XP level 16. HP: 122/122 MP: 42/42
 35118 | Spider:2 | Noticed Arachne
 35131 | Spider:2 | Killed Arachne
 35821 | Spider:2 | Reached skill level 19 in Conjurations
 36875 | Spider:3 | Identified the ring "Sickuttao" {Contam +Blink rC+ rCorr
                  | Str+4}
 36959 | Spider:3 | Identified the +0 plate armour of Acew {rElec rF+++ Will-
                  | SInv}
 37636 | Spider:4 | Entered Level 4 of the Spider Nest
 37711 | Spider:4 | Noticed Agnes
 37718 | Spider:4 | Killed Agnes
 37851 | Spider:4 | Reached skill level 20 in Conjurations
 37867 | Spider:4 | Noticed Nikola
 38338 | Spider:4 | Killed Nikola
 38591 | Spider:4 | Noticed Asterion
 38600 | Spider:4 | Killed Asterion
 39132 | Spider:4 | HP: 1/122 [emperor scorpion (19)]
 39799 | Spider:4 | Got a gossamer rune of Zot
 39971 | Shoals:1 | Entered Level 1 of the Shoals
 39993 | Shoals:1 | Reached skill level 21 in Conjurations
 40229 | Shoals:1 | Reached XP level 17. HP: 114/128 MP: 7/44
 40335 | Shoals:1 | Found Qanivus's Antique Weapon Emporium.
 41206 | Shoals:2 | Noticed Jorgrun
 41211 | Shoals:2 | Killed Jorgrun
 41553 | Shoals:2 | Found Erho's Assorted Antiques.
 41561 | Shoals:2 | Bought a potion of brilliance for 128 gold pieces
 41561 | Shoals:2 | Bought a fizzy silvery potion for 28 gold pieces
 42015 | Shoals:3 | Found Fuucleom's Armour Shoppe.
 42381 | Shoals:3 | Identified the +0 leather armour "Fiotwam" {rF+ rN+ Dex-2
                  | Stlth+}
 42913 | Shoals:4 | Entered Level 4 of the Shoals
 43105 | Shoals:4 | Reached skill level 22 in Conjurations
 43386 | Shoals:4 | Got a barnacled rune of Zot
 43675 | Shoals:4 | Noticed Polyphemus
 43682 | Shoals:4 | Killed Polyphemus
 44723 | Elf:1    | Entered Level 1 of the Elven Halls
 44809 | Elf:1    | Found Liofasho's Jewellery Emporium.
 44999 | Elf:1    | Found a magical portal.
 45015 | WizLab   | Entered Borgnjor's Mausoleum
 45038 | WizLab   | Reached XP level 18. HP: 99/135 MP: 17/47
 45115 | WizLab   | Slain by a spectral caustic shrike

Illustrated notes

Levels and vault maps discovered:
D:1:      roderic_crop_circles_arrival_small, layout_loops_ring, serial_bayou,
          serial_bayou_shore_b, serial_bayou_pond_e, serial_bayou_lagoon_a,
          serial_bayou_pond_d, serial_bayou_pond_a, serial_bayou_crossing
D:2:      layout_basic, serial_shops, nicolae_shop_window_shopping,
          nicolae_elevator_lobby_plus
D:3:      layout_basic, ebering_ghost_sewer_f, cheibrodos_sewer_entry_sluice,
          grunt_ministairs_2, minmay_ruptured, uniq_robin, uniq_terence
D:4:      layout_basic, zin_purify, grunt_gozag_statues,
          minmay_temple_entry_slanted, uniq_crazy_yiuf_cottage
D:5:      layout_loops_ring, ashenzari_conservatory_becter,
          mainiacjoe_overflow_alcove_4, nicolae_overflow_hidden_temple,
          okawaru_gym_becter, minmay_manual_mail, uniq_grinder
D:6:      layout_basic, kennysheep_boxes, uniq_prince_ribbit1
D:7:      layout_loops_corners, uniq_pikel
D:8:      layout_basic, nicolae_wu_jian_wuxing_cycle,
          chequers_serial_rivers_room_b, nicolae_blasting_shop, uniq_erica,
          uniq_joseph
D:9:      layout_small_grid, mainiacjoe_overflow_brackets, minmay_statue_bubble,
          uniq_gastronok
D:10:     layout_cave_pools, orc_david_3
D:11:     layout_rooms, david_lair_shrubbed, serial_shops,
          nicolae_lakefront_shop
D:12:     minmay_bad_star, layout_gridville, elyvilon_altar_3, uniq_sonja,
          uniq_maurice
D:13:     layout_basic, ebering_ghost_xom, kennysheep_generic_room_16,
          uniq_snorg
D:14:     layout_loops_cross, grunt_vaults_entry_fortified, grunt_ministairs_5,
          kennysheep_inner_square
D:15:     grunt_enter_depths_snipers, layout_basic, serial_shops,
          bzr_entry_water, nicolae_square_shop, nicolae_shop_tiny_statue_garden,
          gammafunk_ghost_tricky_traps, minmay_evil_grid
Lair:1:   layout_roguey, lemuel_fruit_tree, grunt_megastairs_2
Lair:2:   layout_cave_pods, elwin_shoals_entry_stream,
          nicolae_spider_entry_lesser_pyramids, beast_lair_carwin_5,
          grunt_megastairs_5
Lair:3:   layout_small_grid, gammafunk_ghost_icy, eino_house_with_fridge,
          infiniplex_staircase_pool, serial_bayou_shore_a
Lair:4:   layout_gridlike, infiniplex_staircase_pool_2, serial_bayou_shore_b,
          uniq_josephine
Lair:5:   cheibrodos_lair_end_hotspot, layout_loops_ring,
          minmay_slime_entry_jelly_boxes
Shoals:1: layout_shoals, serial_shops, nicolae_shop_tiny_waterfront
Shoals:2: layout_shoals, serial_shops, shop, nicolae_shoals_loop_pool,
          uniq_jorgrun
Shoals:3: nzn_motion_control, layout_shoals, serial_shops, shop,
          nicolae_shoals_dead_sea_scrolls
Shoals:4: shoals_end_grunt_ice, layout_shoals, hangedman_feature_mirror,
          nicolae_shoals_goliath_grotto, uniq_polyphemus
Spider:1: layout_spider_delve
Spider:2: layout_chambers, nicolae_spider_cling_halls, uniq_arachne
Spider:3: layout_spider_delve
Spider:4: spider_rune_water, uniq_agnes, uniq_asterion, uniq_nikola
Orc:1:    layout_caves
Orc:2:    grunt_orc_community_town_hall, layout_caves,
          grunt_orc_community_big_house_2, grunt_orc_community_big_house_1,
          grunt_orc_community_house_2, grunt_orc_community_house_3,
          grunt_orc_community_house_1, grunt_orc_community_house_3,
          nooodl_orcs_dogs, uniq_donald
Elf:1:    layout_onion_city, serial_shops, nicolae_shop_behind_doors,
          mu_enter_wizlab_3, minmay_elf_sorcery, grunt_ministairs_15,
          minmay_misc_feat_pillars
WizLab:   wizlab_borgnjor

Skill      XL: |  1  2  3  4  5  6  7  8  9 10 11 12 13 14 15 16 17 |
---------------+----------------------------------------------------+-----
Spellcasting   | 2 3 4 6 7 9 10 11 12 13 15 16 18 19 | 19.5
Conjurations   | 4 5 6 7 8 10 11 12 13 15 16 18 21 22 | 22.7
Armour         | 1 5 7 9 10 | 10.0
Fighting       | 4 6 |  6.0
Dodging        | |  1.7
Stealth        | |  1.7

Action                     |  1- 3 |  4- 6 |  7- 9 | 10-12 | 13-15 | 16-18 || total
---------------------------+-------+-------+-------+-------+-------+-------++-------
  Melee: Unarmed           |    14 |     9 |     2 |       |       |       ||    25
         Short sword       |       |       |    13 |       |       |       ||    13
         Staff             |       |       |       |     7 |    62 |     2 ||    71
         Scimitar          |       |       |       |       |    13 |     8 ||    21
         Punch             |       |       |       |       |     1 |       ||     1
         Falchion          |       |       |       |       |       |     2 ||     2
   Cast: Magic Dart        |   110 |   124 |   142 |   114 |   447 |       ||   937
         Searing Ray       |     2 |    13 |    67 |   148 |   145 |     3 ||   378
         Iskenderun's Myst |       |       |     1 |   112 |   531 |   165 ||   809
         Fireball          |       |       |       |       |    44 |   497 ||   541
         Orb of Destructio |       |       |       |       |     1 |    18 ||    19
  Evoke: Wand              |       |       |     1 |     1 |     4 |     4 ||    10
    Use: Potion            |       |       |     1 |     1 |     3 |    20 ||    25
         Scroll            |       |       |       |    11 |    20 |    14 ||    45
   Stab: Sleeping          |       |       |       |       |     1 |       ||     1
 Armour: Robe              |     2 |    11 |    39 |       |       |       ||    52
         Scale mail        |       |       |     6 |   229 |   266 |   181 ||   682
  Dodge: Dodged            |     6 |    31 |    87 |   103 |   202 |   146 ||   575
